Unix NetHack Version 5.0.0-0 post-release - last build Jun 10 2026 00:39:30 (3ee93aec679c4c4259841fe613dc97188e26a321,branch:main).

Game began 2026-06-23 23:27:02, ended 2026-06-24 01:17:07.

Jyopro, lawful female human Valkyrie

                             -----------
                             |.........|
                             |.........|
                           |.|....<....|
                          --.[.........|
                         |.%.|.........|
                         |.-------------
                         |@.
                         |M|
                         ..|
                         -.-

Jyopro the Fighter          St:18/04 Dx:13 Co:18 In:7 Wi:9 Ch:10  Lawful
Dlvl:10 $:223 HP:0(74) Pw:13(13) AC:1  Xp:7 T:3931  Burdened

Latest messages:
 You destroy the gnome mummy!
 You see here a mummy wrapping.
 What do you want to throw? [$bX or ?*] b
 In what direction? 4
 The dagger hits the gas spore.
 What do you want to throw? [$bX or ?*] b
 In what direction? 4
 You kill the gas spore!
 Boom!
 You see here a +0 dagger.
 You have a little trouble lifting b - a +0 dagger (alternate weapon; not wielded) (15 in total).
 You have a little trouble lifting b - a +0 dagger (alternate weapon; not wielded) (16 in total).
 d - a mummy wrapping.
 What do you want to drop? [$a-ik-pr-zA-DFH-UX-Z or ?*] d
 You drop a mummy wrapping.
 What do you want to drop? [$a-ce-ik-pr-zA-DFH-UX-Z or ?*] <esc>
 Never mind.
 What do you want to drink? [ikrwJM or ?*] i
 You feel better.
 The giant ant just misses!
 You kill the giant ant!
 You see here a giant ant corpse.
 The kobold mummy misses!
 You hit the kobold mummy!
 The kobold mummy hits!
 You miss the kobold mummy.
 You hit the kobold mummy!
 The kobold mummy turns to flee.
 You destroy the kobold mummy!
 The ettin mummy hits!
 The ettin mummy knocks you backward with a powerful blow!
 You hit the ettin mummy!
 The knife hits the ettin mummy.
 The ettin mummy hits!
 The ettin mummy hits again!
 You hit the ettin mummy!
 The ettin mummy just misses!
 The ettin mummy hits!
 You hit the ettin mummy!
 The ettin mummy misses!
 The ettin mummy hits!
 You feel more confident in your weapon skills.
 You hit the ettin mummy!
 The ettin mummy hits!
 You die...
 Do you want your possessions identified? [ynq] (y) y
 Do you want to see your attributes? [ynq] (y) y
 Do you want an account of creatures vanquished? [ynaq] (y) y
 Do you want to see your conduct and achievements? [ynq] (y) y
 Do you want to see the dungeon overview? [ynq] (y) y

Inventory:
 Coins    ('$')
  $ - 223 gold pieces
 Amulets  ('"')
  e - an uncursed amulet of magical breathing (being worn)
 Weapons  (')')
  b - 16 +0 daggers (alternate weapons; not wielded)
  a - a rusty +1 spear (weapon in right hand)
  X - a -1 dwarvish mattock
 Armor    ('[')
  Y - an uncursed +0 dwarvish iron helm (being worn)
  Z - a cursed +0 pair of iron shoes (being worn)
  c - an uncursed +3 small shield
  f - an uncursed +0 dwarvish cloak (being worn)
  R - an uncursed +0 Hawaiian shirt with a plumeria motif
  Q - an uncursed +0 chain mail (being worn)
 Comestibles  ('%')
  l - an uncursed partly eaten food ration
 Scrolls  ('?')
  T - an uncursed scroll of blank paper
  F - a cursed scroll of blank paper
  z - an uncursed scroll of genocide
  h - a cursed scroll of identify
  B - an uncursed scroll of remove curse
  g - a blessed scroll of taming
 Potions  ('!')
  k - an uncursed potion of enlightenment
  J - an uncursed potion of extra healing
  i - an uncursed potion of healing
  r - a cursed potion of healing
  M - a blessed potion of levitation
  w - a blessed potion of object detection
 Rings    ('=')
  C - an uncursed ring of cold resistance
 Wands    ('/')
  u - a wand of fire (0:3)
  S - a wand of probing (0:6)
  O - a wand of stasis (0:5)
  A - a wand of stasis (0:1)
  N - a wand of teleportation (0:3)
 Tools    ('(')
  P - an uncursed blindfold
  o - an uncursed lock pick
  U - an uncursed mirror
  H - a blessed oil lamp
  I - an uncursed oil lamp
  n - a cursed skeleton key
  L - a cursed tallow candle
 Gems/Stones  ('*')
  m - an uncursed aquamarine stone
  t - an uncursed ruby
  s - 4 uncursed worthless pieces of black glass
  D - an uncursed worthless piece of blue glass
  x - an uncursed worthless piece of red glass
  v - 2 uncursed worthless pieces of violet glass
  K - 2 uncursed worthless pieces of yellow glass
  p - 2 uncursed worthless pieces of yellowish brown glass
  y - an uncursed touchstone

Jyopro the Valkyrie's attributes:

Background:
 You were a Fighter, a level 7 human Valkyrie.
 You were lawful, on a mission for Tyr
 who was opposed by Odin (neutral) and Loki (chaotic).
 You were right-handed.
 You were in the Gnomish Mines, on level 10.
 You entered the dungeon 3931 turns ago.
 It was nighttime.
 You had 1211 experience points, 69 more were needed to attain level 8.

Basics:
 You had 0 out of 74 hit points.
 You had all 13 energy points (spell power).
 Your armor class was 1.
 Your wallet contained 223 zorkmids.
 Autopickup was off.

Final Characteristics:
 Your strength was 18/04 (limit:18/100).
 Your dexterity was 13 (limit:18).
 Your constitution was 18 (limit:18).
 Your intelligence was 7 (limit:18).
 Your wisdom was 9 (limit:18).
 Your charisma was 10 (limit:18).

Final Status:
 You weren't hungry.
 You were burdened; movement was slightly slowed.
 You were wielding a spear.
 You were skilled in spear and could have enhanced that.

Final Attributes:
 You were piously aligned.
 Your items were somewhat protected from fire.
 You were cold resistant.
 Your items were somewhat protected from cold.
 You were telepathic.
 You were stealthy.
 You could survive without air.
 You were warded.
 You were fast.
 You are dead.

Miscellaneous:
 You didn't encounter any bones levels.
 Total elapsed playing time was 59 minutes and 18 seconds.

Major events:
 Turn
    1: Jyopro the lawful human Valkyrie entered the dungeon
  445: entered the Gnomish Mines
  465: attained the rank of Skirmisher (level 3)
 1321: reached Mine Town
 1685: attained the rank of Fighter (level 6)
 3931: killed by an ettin mummy

You didn't know any spells.

Skills:
 Fighting Skills
   bare handed combat [Unskilled]
   two weapon combat  [Unskilled]
   riding             [Unskilled]
 Weapon Skills
   dagger             [Basic]
   axe                [Unskilled]
   pick-axe           [Unskilled]
   short sword        [Unskilled]
   broadsword         [Unskilled]
   long sword         [Unskilled]
   two-handed sword   [Unskilled]
   saber              [Unskilled]
   hammer             [Unskilled]
   quarterstaff       [Unskilled]
   polearms           [Unskilled]
   spear              [Skilled]
   trident            [Unskilled]
   lance              [Unskilled]
   sling              [Unskilled]
 Spellcasting Skills
   attack spells      [Unskilled]
   escape spells      [Unskilled]

Voluntary challenges:
 Character rerolling was not enabled.
 You never genocided any monsters.
 You never polymorphed an object.
 You never changed form.
 You used no wishes.
Achievements:
 You entered the Gnomish Mines.
 You attained the rank of Skirmisher.
 You entered Minetown.
 You entered a shop.
 You entered a temple.
 You attained the rank of Fighter.

 The Dungeons of Doom: levels 1 to 2
    Level 1:
    Level 2:
       A fountain.
       Stairs down to The Gnomish Mines.
 The Gnomish Mines: levels 3 to 10
    Level 3:
    Level 4:
    Level 5:
       Many shops, a temple and an altar, some fountains.
    Level 6:
    Level 7:
    Level 8:
    Level 9:
    Level 10: <- You were here.
       Final resting place for
          you, killed by an ettin mummy.


Vanquished creatures:
  a large dog
  a giant spider
  a gnome ruler
  2 brown puddings
  a yeti
  a jaguar
  a blue jelly
  a gnome mummy
 an ape
  a wood nymph
  2 violet fungi
  7 gnome leaders
  2 gnomish wizards
  a kobold mummy
  a paper golem
  2 giant ants
  a little dog
  3 floating eyes
  3 kittens
  2 dwarves
  2 kobold shamans
  2 hill orcs
  a rothe
  2 iguanas
  2 acid blobs
  a gas spore
  2 hobbits
  a hobgoblin
  6 giant rats
  a green mold
 55 gnomes
  4 geckos
  6 jackals
  a fox
  2 goblins
  5 grid bugs
  a lichen
  a newt
130 creatures vanquished.

No species were genocided or became extinct.

Game over:
                       ----------
                      /          \
                     /    REST    \
                    /      IN      \
                   /     PEACE      \
                  /                  \
                  |      Jyopro      |
                  |      223 Au      |
                  |   killed by an   |
                  |   ettin mummy    |
                  |                  |
                  |                  |
                  |       2026       |
                 *|     *  *  *      | *
        _________)/\\_//(\/(/\)/\//\/|_)_______

Farvel Jyopro the Valkyrie...

You died in The Gnomish Mines on dungeon level 10 with 5515 points,
and 223 pieces of gold, after 3931 moves.
You were level 7 with a maximum of 74 hit points when you died.

